 Dungeon Crawl Stone Soup version 0.29.1-2-gbd0b4ee654 (webtiles) character file.

Game seed: 14433143993787958011

67 adizb the Magician (level 4, -4/24 HPs)
             Began as a Deep Elf Fire Elementalist on Oct 24, 2022.
             Was an Initiate of Ashenzari.
             Killed from afar by Sigmund (8 damage)
             ... with a magic dart
             ... on level 2 of the Dungeon.
             The game lasted 00:09:26 (931 turns).

adizb the Magician (Deep Elf Fire Elementalist)      Turns: 931, Time: 00:09:27

Health: -4/24      AC:  3    Str:  5    XL:     4   Next: 0%
Magic:  1/11       EV: 10    Int: 22    God:    Ashenzari [......]
Gold:   85         SH:  0    Dex: 15    Spells: 7/10 levels left

rFire   . . .      SeeInvis .   c - +0 falchion
rCold   . . .      Faith    .   (no shield)
rNeg    . . .      Spirit   .   a - +0 robe
rPois   .          Reflect  .   i - +0 helmet
rElec   .          Harm     .   (no cloak)
rCorr   .          Rampage  .   (no gloves)
Will    .....                   (no boots)
Stlth   ++........              (no amulet)
HPRegen 0.08/turn               (no ring)
MPRegen 0.12/turn               (no ring)

@: grasped by roots, constricted
A: no striking features
a: Renounce Religion, Curse Item


You were on level 2 of the Dungeon.
You worshipped Ashenzari.
Ashenzari was noncommittal.
You visited 1 branch of the dungeon, and saw 2 of its levels.

You collected 85 gold pieces.

Inventory:

Hand Weapons
 c - a +0 falchion (weapon)
Armour
 a - a +0 robe (worn)
 i - a +0 helmet (worn)
Scrolls
 d - 2 scrolls of identify
 e - a scroll of silence
 h - a scroll of enchant armour {unknown}
Potions
 b - a potion of magic
 f - a potion of haste


   Skills:
 + Level 3.1 Dodging
 + Level 3.2 Stealth
 * Level 3.9 Spellcasting
 + Level 2.0 Conjurations
 + Level 3.7 Fire Magic


You had 7 spell levels left.
You knew the following spells:

 Your Spells              Type           Power      Damage    Failure   Level
a - Foxfire               Conj/Fire      68%        2x1d7     3%          1
b - Scorch                Fire           40%        2d7       3%          2

Your spell library contained the following spells:

 Spells                   Type           Power      Damage    Failure   Level
 Conjure Flame            Conj/Fire      17%        6-21      11%         3
 Inner Flame              Hex/Fire       12%        N/A       16%         3
 Flame Wave               Conj/Fire      17%        2d7       34%         4


Dungeon Overview and Level Annotations

Branches:
Dungeon (2/15)

Altars:
Ashenzari

Annotations:
D:2 Sigmund


Message History

Flames lash Sigmund.
Sigmund is lightly wounded.
Sigmund's fire resistance burns away.
Casting: Scorch (safe; 3% risk of failure)
Press: ? - help, Q - select action, (/) - cycle Dir - look around, f - activate You can't see that place.
Flames lash Sigmund.
Sigmund is burned terribly!
Sigmund is heavily wounded.
Sigmund zaps a wand.
The roots erupt in riotous growth!
The grasping roots grab you! The grasping roots constrict you.
You hear a shout!
Casting: Scorch (safe; 3% risk of failure)
Press: ? - help, Q - select action, (/) - cycle Dir - look around, f - activate Flames lash Sigmund.
Sigmund is burned terribly!
Sigmund is severely wounded.
Sigmund hits you from afar with a +0 scythe!
Ouch! That really hurt!
The grasping roots constrict you.
* * * LOW HITPOINT WARNING * * *
You feel better.
Casting: Scorch (safe; 3% risk of failure)
Press: ? - help, Q - select action, (/) - cycle Dir - look around, f - activate Flames lash Sigmund.
Sigmund is burned terribly!
Sigmund is almost dead.
Sigmund gestures wildly while chanting.
Sigmund flickers and vanishes!
Deactivating autopickup; reactivate with Ctrl-A.
You are constricted.
The grasping roots release their grip on you.
You hear a zap.
The roots erupt in riotous growth!
The grasping roots grab you!
You are constricted.
* * * LOW HITPOINT WARNING * * *
Okay, then.
The roots grasp on you weakens, but your attempt to escape fails.
A magic dart appears from out of thin air!
The magic dart hits you!
You die...

#############
#...........#
#.#########.#
#@# #.# #.#
#######.######
#.#
#.............
#{#
#.#...........
#)#
#...<....##.
#..
........#####.
... ..##..###
## .#### #.. #
. .... #


There were no monsters in sight!

Vanquished Creatures
  Robin (D:2)
  An adder (D:2)
  A dart slug (D:1)
  5 ball pythons
  6 bats
  2 endoplasms (D:1)
  4 giant cockroaches (D:1)
  5 goblins
  3 hobgoblins (D:1)
  6 kobolds
  4 quokkas (D:1)
  2 frilled lizards
  3 rats (D:1)
43 creatures vanquished.

Vanquished Creatures (others)
  35 foxfires (D:1)
35 creatures vanquished.

Grand Total: 78 creatures vanquished

Notes
Turn   | Place    | Note
-------+----------+-------------------------------------------
     0 | D:1      | adizb the Deep Elf Fire Elementalist began the quest for
                  | the Orb.
     0 | D:1      | Reached XP level 1. HP: 10/10 MP: 6/6
   151 | D:1      | Reached XP level 2. HP: 15/15 MP: 6/8
   202 | D:1      | Learned a level 2 spell: Scorch
   437 | D:1      | Reached XP level 3. HP: 19/19 MP: 6/9
   459 | D:1      | Found a faded altar of an unknown god.
   490 | D:1      | Prayed at the altar of an unknown god.
   490 | D:1      | Became a worshipper of Ashenzari the Shackled
   788 | D:2      | Noticed Robin
   805 | D:2      | Killed Robin
   923 | D:2      | Noticed Sigmund
   924 | D:2      | Reached XP level 4. HP: 24/24 MP: 8/11
   931 | D:2      | Killed from afar by Sigmund

Illustrated notes

Levels and vault maps discovered:
D:1:      eino_arrival_water_star, layout_basic, nicolae_ecumenical_lake_church,
          st_stairs_12, minmay_misc_feat_alley
D:2:      layout_loops_ring, nrook_loot_triangle, uniq_sigmund, uniq_robin

Skill      XL: |  1  2  3 |
---------------+----------+-----
Stealth        | 3 |  3.2
Dodging        | 3 |  3.1
Conjurations   | 2 |  2.0
Spellcasting   | |  3.9
Fire Magic     | |  3.7

Action                   |  1- 3 |  4- 6 || total
-------------------------+-------+-------++-------
Melee: Falchion          |    16 |       ||    16
 Cast: Foxfire           |    21 |       ||    21
       Scorch            |    21 |     4 ||    25
  Use: Scroll            |     4 |       ||     4
       Potion            |       |     1 ||     1
 Stab: Sleeping          |     4 |       ||     4
Armor: Robe              |     5 |       ||     5
Dodge: Dodged            |    16 |       ||    16
